 Dungeon Crawl Stone Soup version 0.27.1-33-g824d729ab1 (webtiles) character file.

Game seed: 11803278859125410880

65 jlumianski the Skirmisher (level 4, -6/29 HPs)
             Began as a Gargoyle Monk on Dec 13, 2021.
             Mangled by an ice beast (7 damage)
             ... on level 3 of the Dungeon.
             The game lasted 00:05:33 (1545 turns).

jlumianski the Skirmisher (Gargoyle Monk)           Turns: 1545, Time: 00:05:34

Health: -6/29      AC:  5    Str: 15    XL:     4   Next: 14%
Magic:  4/4        EV: 12    Int: 11    God:
Gold:   44         SH:  0    Dex: 12    Spells: 1/3 levels left

rFire    + . .     SeeInvis .   a - +0 hand axe
rCold    . . .     Faith    .   (no shield)
rNeg     + . .     Spirit   .   b - +0 robe
rPois    ∞         Reflect  .   (no helmet)
rElec    +         Harm     .   (no cloak)
rCorr    .         Rampage  .   (no gloves)
Will     .....                  (no boots)
Stlth    ++........             (no amulet)
HPRegen  0.09/turn              f - ring of protection from fire
MPRegen  0.09/turn              (no ring)

@: no status effects
A: sickness immunity, AC +3, negative energy resistance 1, electricity
resistance, torment resistance 1, petrification resistance
a: no special abilities


You were on level 3 of the Dungeon.
You visited 1 branch of the dungeon, and saw 3 of its levels.

You collected 44 gold pieces.

Inventory:

Hand Weapons
 a - a +0 hand axe (weapon)
 j - a +0 hunting sling
 l - a +5 club
Missiles
 h - 18 poisoned darts (quivered)
Armour
 b - a +0 robe (worn)
 g - a +0 buckler
Jewellery
 f - a ring of protection from fire (left hand)
Scrolls
 c - 2 scrolls of identify {unknown}
 d - a scroll of amnesia {unknown}
 k - a scroll of blinking {unknown}
Potions
 i - a potion of flight {unknown}


   Skills:
 + Level 3.7 Fighting
 + Level 3.3 Axes
 + Level 0.1 Throwing
 + Level 3.0 Dodging
 + Level 2.8 Stealth


You had one spell level left.
You knew the following spells:

 Your Spells              Type           Power      Damage    Failure   Level
a - Ensorcelled Hibernat  Hex/Ice        0%         N/A       47%         2

Your spell library contained the following spells:

 Spells                   Type           Power      Damage    Failure   Level
 Dazzling Flash           Conj/Hex       0%         N/A       71%         3
 Gell's Gravitas          Tloc           0%         N/A       71%         3
 Spider Form              Tmut/Pois      0%         N/A       71%         3
 Teleport Other           Tloc           0%         N/A       71%         3
 Agony                    Necr           0%         N/A       100%        5
 Silence                  Hex/Air        0%         N/A       100%        5
 Dispersal                Tloc           0%         N/A       100%        6
 Shadow Creatures         Summ           N/A        N/A       100%        6


Dungeon Overview and Level Annotations

Branches:
Dungeon (3/15)

Altars:


Innate Abilities, Weirdness & Mutations

You are immune to sickness and miasma.
Your stone body is resilient. (AC +3)
You are immune to poison.
You resist negative energy. (rN+)
You are resistant to electric shocks. (rElec)
You are resistant to unholy torment.
You are immune to petrification.


Message History

The ice beast is moderately wounded.
The ice beast hits you but does no damage.
You hit the ice beast.
The ice beast is moderately wounded.
The ice beast hits you. The ice beast freezes you!
* * * LOW HITPOINT WARNING * * *
It was a potion of curing.
You feel better.
The ice beast hits you but does no damage.
You feel better. The ice beast misses you.
You hit the ice beast.
The ice beast is heavily wounded.
The ice beast hits you but does no damage.
You hit the ice beast.
The ice beast is heavily wounded.
The ice beast hits you but does no damage.
You closely miss the ice beast.
The ice beast is heavily wounded.
The ice beast completely misses you. The ice beast barely misses you.
You closely miss the ice beast.
The ice beast is heavily wounded.
The ice beast hits you. The ice beast freezes you.
* * * LOW HITPOINT WARNING * * *
You hit the ice beast.
The ice beast is severely wounded.
The ice beast hits you but does no damage.
You barely miss the ice beast.
The ice beast is severely wounded.
The ice beast barely misses you.
You hit the ice beast.
The ice beast is severely wounded.
The ice beast hits you but does no damage.
You closely miss the ice beast.
The ice beast is severely wounded.
The ice beast barely misses you.
You hit the ice beast.
The ice beast is severely wounded.
The ice beast hits you.
* * * LOW HITPOINT WARNING * * *
The ice beast freezes you!
You die...

## ##.. #..## #
#...
#..####..###.#.
#.>.......>....
#...@<..#
+(.Y....+
#.(.....#
#.......#
#.......#
#########


You could see an ice beast.

Vanquished Creatures
  Jessica (D:2)
  An adder (D:2)
  A worm (D:2)
  6 bats
  An endoplasm (D:2)
  A giant cockroach (D:1)
  5 goblins
  4 jackals (D:1)
  A quokka (D:1)
  2 ball pythons (D:1)
  A frilled lizard (D:1)
  A kobold (D:2)
25 creatures vanquished.

Notes
Turn   | Place    | Note
-------+----------+-------------------------------------------
     0 | D:1      | jlumianski the Gargoyle Monk began the quest for the Orb.
     0 | D:1      | Reached XP level 1. HP: 14/14 MP: 1/1
   392 | D:1      | Reached XP level 2. HP: 14/19 MP: 2/2
  1021 | D:2      | Reached XP level 3. HP: 20/23 MP: 3/3
  1111 | D:2      | Noticed Jessica
  1120 | D:2      | Killed Jessica
  1121 | D:2      | Reached XP level 4. HP: 8/29 MP: 4/4
  1481 | D:2      | Learned a level 2 spell: Ensorcelled Hibernation
  1529 | D:3      | Noticed an ice beast
  1534 | D:3      | HP: 1/29 [ice beast (13)]
  1545 | D:3      | HP: 1/29 [ice beast (4)]
  1545 | D:3      | Mangled by an ice beast

Illustrated notes

Levels and vault maps discovered:
D:1:      dpeg_arrival_more_subterranean_lakeside_camping, layout_loops_ring
D:2:      layout_basic, uniq_jessica, uniq_robin
D:3:      minmay_octagon_keep, layout_basic, mainiacjoe_overflow_cross_hatched,
          nicolae_ashenzari_panopticon, serial_shops, shop, uniq_sigmund,
          uniq_grinder

Skill      XL: |  1  2  3 |
---------------+----------+-----
Axes           | 3 |  3.3
Dodging        | 3 |  3.0
Fighting       | |  3.7
Throwing       | |  0.1
Stealth        | |  2.8

Action                   |  1- 3 |  4- 6 || total
-------------------------+-------+-------++-------
Melee: Hand axe          |    86 |    15 ||   101
Throw: Dart              |     7 |     1 ||     8
  Use: Potion            |       |     2 ||     2
 Stab: Sleeping          |     3 |       ||     3
Armor: Robe              |    35 |     6 ||    41
Dodge: Dodged            |    77 |     6 ||    83
